 Dungeon Crawl Stone Soup version 0.19-a0-1292-g796ee4d (webtiles) character file.

171 Kidiri the Magician (level 5, -4/28 HPs)
             Began as a Deep Elf Fire Elementalist on Aug 30, 2016.
             Killed by nerve-wracking pain
             ... invoked by an orc priest
              (9 damage)
             ... on level 3 of the Dungeon.
             The game lasted 00:07:15 (2105 turns).

Kidiri the Magician (Deep Elf Fire Elementalist)    Turns: 2105, Time: 00:07:15

Health: -4/28      AC:  7    Str:  5    XL:     5   Next: 26%
Magic:  12/14      EV: 10    Int: 21    God:
Gold:   151        SH:  0    Dex: 15    Spells: 4 memorised, 5 levels left

rFire  x . .     SeeInvis .     j - +6 short sword
rCold  + . .     Gourm    .     a - +0 robe
rNeg   . . .     Faith    .     (no shield)
rPois  .         Spirit   .     (no helmet)
rElec  .         Dismiss  .     f - +0 cloak
rCorr  .         Reflect  .     e - +2 pair of gloves
MR     .....     Harm     .     i - +0 pair of boots
Stlth  ++........               (no amulet)
                                m - -3 ring of evasion (curse)
                                d - ring of ice

@: no status effects
A: no striking features
a: no special abilities


You were on level 3 of the Dungeon.
You were not hungry.

You visited 1 branch of the dungeon, and saw 3 of its levels.

You collected 151 gold pieces.

Inventory:

Hand Weapons
 j - a +6 short sword (weapon)
Armour
 a - a +0 robe (worn)
 e - a +2 pair of gloves (worn)
 f - a +0 cloak (worn)
 i - a +0 pair of boots (worn)
Jewellery
 d - a ring of ice (left hand)
 m - a cursed -3 ring of evasion (right hand)
Scrolls
 g - a scroll of fear
 k - a scroll of fog
 o - a scroll of blinking
Potions
 l - a potion of agility {unknown}
 n - a potion of berserk rage {unknown}
Books
 b - a book of Flames

   Spells                             Type                      Level
   a - Flame Tongue                   Conjuration/Fire             1
   b - Throw Flame                    Conjuration/Fire             2
   c - Conjure Flame                  Conjuration/Fire             3
   d - Inner Flame                    Hexes/Fire                   3
   e - Sticky Flame                   Conjuration/Fire             4
   f - Fireball                       Conjuration/Fire             5
Comestibles
 c - 2 bread rations


   Skills:
 - Level 2.4 Dodging
 - Level 2.4 Stealth
 * Level 5.3 Spellcasting
 + Level 3.1 Conjurations
 + Level 4.4 Fire Magic


You had 5 spell levels left.
You knew the following spells:

 Your Spells              Type           Power        Failure   Level  Hunger
a - Flame Tongue          Conj/Fire      ###..        1%          1    None
b - Throw Flame           Conj/Fire      ###...       3%          2    None
c - Conjure Flame         Conj/Fire      ###.....     10%         3    ##.....
d - Inner Flame           Hex/Fire       ##......     14%         3    ##.....


Dungeon Overview and Level Annotations

Branches:
Dungeon (3/15)

Altars:
Hepliaklqana


Message History

Aim: an orc priest, wielding a whip The flame tongue hits the orc priest.
The orc priest appears unharmed.
The orc priest invokes the aid of Beogh against you.
You struggle to resist.
Casting: Flame Tongue
Confirm with . or Enter, or press ? or * to list all spells.
Aiming: Flame Tongue
Press: ? - help, Shift-Dir - straight line, f/p - orc priest
Aim: an orc priest, wielding a whip The flame tongue hits the orc priest.
The orc priest is lightly wounded.
Casting: Flame Tongue
Confirm with . or Enter, or press ? or * to list all spells.
Aiming: Flame Tongue
Press: ? - help, Shift-Dir - straight line, f/p - orc priest
Aim: an orc priest, wielding a whip (lightly wounded)
The flame tongue misses the orc priest.
The orc priest mumbles some strange prayers to Beogh against you.
Pain shoots through your body!
You die...

###.# .# .##.# ##.##
.##.# #...# ....## #...#
.....# #...# .##..#
#####...#####
.##..###...........###..
....#...................
..#..###.>.....o@..#
..[..# #####.o.#####
.....# #.#.## ..<###
#.###.### ...# ##
#..o.## ##.# #..###o##
#.# #.# ##o## #.# #.#
##.# #.# #.. #.#


You could see 2 orc priests.

Vanquished Creatures
  A hound (D:2)
  An orc priest (D:3)
  3 adders (D:2)
  2 worms (D:2)
  2 dart slugs (D:2)
  3 giant geckos
  2 orcs (D:3)
  A ball python (D:2)
  A bat zombie (D:2)
  8 giant cockroaches
  5 goblins
  3 hobgoblins
  6 jackals
  A quokka (D:2)
  6 bats
  9 giant newts (D:1)
  8 kobolds
  4 rats
66 creatures vanquished.

Vanquished Creatures (others)
  A plant (D:1)
1 creature vanquished.

Grand Total: 67 creatures vanquished

Notes
Turn   | Place    | Note
-------+----------+-------------------------------------------
     0 | D:1      | Kidiri the Deep Elf Fire Elementalist began the quest for the Orb.
     0 | D:1      | Reached XP level 1. HP: 10/10 MP: 6/6
   196 | D:1      | Reached XP level 2. HP: 14/15 MP: 2/8
   200 | D:1      | Learned a level 2 spell: Throw Flame
   684 | D:1      | Reached XP level 3. HP: 19/19 MP: 5/10
   725 | D:1      | Learned a level 3 spell: Conjure Flame
   729 | D:1      | Learned a level 3 spell: Inner Flame
   973 | D:2      | Reached skill level 4 in Spellcasting
  1244 | D:2      | Reached XP level 4. HP: 24/24 MP: 12/12
  1921 | D:2      | Found a hazy altar of Hepliaklqana.
  2072 | D:3      | Reached skill level 5 in Spellcasting
  2072 | D:3      | Reached XP level 5. HP: 28/28 MP: 8/14
  2105 | D:3      | Killed from afar by an orc priest

Vault maps used:
D:1:      lightli_arrival_windingriver, minmay_hedge_maze,
          minmay_misc_feat_nine_boxes, minmay_lizard_king
D:2:      lemuel_coloured_pillars_altar, minmay_divided_ellipse

Skill      XL: |  1  2  3  4 |
---------------+-------------+-----
Conjurations   | 2 3 |  3.1
Spellcasting   | 4 5 |  5.3
Fire Magic     | 4 |  4.4
Dodging        | |  2.4
Stealth        | |  2.4

Action                   |  1- 3 |  4- 6 || total
-------------------------+-------+-------++-------
Melee: Short sword       |    13 |     8 ||    21
       Dagger            |     3 |       ||     3
 Cast: Flame Tongue      |    47 |    36 ||    83
       Throw Flame       |     8 |     8 ||    16
       Conjure Flame     |       |     1 ||     1
  Use: Scroll            |     5 |     3 ||     8
       Potion            |       |     1 ||     1
 Stab: Sleeping          |     2 |     1 ||     3
  Eat: Chunk             |     1 |     3 ||     4
Armor: Robe              |    11 |    11 ||    22
Dodge: Dodged            |    32 |    15 ||    47
